AoeStats
← andresk

Arabia

508260339Analyzed
1v1 RM · 10d ago on Sep 21, 2026· 92m 20s· 2 players
Game mode
Random Map
Map size
Tiny (2 player)
Population
200
Speed
Normal
Resources
Standard
Victory
Conquest
Starting age
Dark Age
Ending age
Imperial Age
RankedLock teamsTeams togetherTeam positionsShared explorationLock speedFull tech treeHidden civsTurbo modeCheats
Victory
Defeat
🇬🇧 Ethiopians · United Kingdom
329
+11
🇨🇴 Portuguese · Colombia
209
-11
andresk
1:26 Loom
16:51 Feudal Age
22:19 Forging
22:09 Scale Mail Armor
22:10 Padded Archer Armor
22:01 Fletching
23:44 Horse Collar
23:57 Double-Bit Axe
26:27 Castle Age
28:52 Iron Casting
28:34 Leather Archer Armor
28:34 Chain Mail Armor
31:35 Bow Saw
31:21 Gold Mining
31:21 Stone Mining
31:37 Heavy Plow
33:36 Heated Shot
33:58 Masonry
33:29 Pikeman
34:35 Bodkin Arrow
36:47 Ballistics
40:57 Imperial Age
43:01 Chemistry
41:28 Elite Skirmisher
51:54 Blast Furnace
56:24 Siege Engineers
57:21 Halberdier
72:41 Bracer
73:11 Ring Archer Armor
87:43 Plate Mail Armor
srfcsrfc
11:26 Feudal Age
20:16 Castle Age
20:26 Fletching
23:55 Crossbowman
30:46 Thumb Ring
30:44 Bodkin Arrow
30:50 Padded Archer Armor
31:42 Fervor
33:36 Wheelbarrow
33:34 Ballistics
33:13 Gold Mining
33:13 Stone Mining
34:18 Double-Bit Axe
34:18 Horse Collar
37:27 Gold Shaft Mining
37:28 Stone Shaft Mining
37:18 Hand Cart
39:40 Imperial Age
37:36 Squires
39:40 Masonry
39:26 Murder Holes
39:51 Leather Archer Armor
41:25 Bracer
41:56 Ring Archer Armor
42:21 Hand Cart
41:56 Town Watch
42:20 Arbalester
43:20 Town Patrol
49:24 Architecture
49:43 Bow Saw
53:09 Two-Man Saw
52:32 Loom
52:12 Halberdier
52:36 Heavy Scorpion
54:25 Scale Mail Armor
54:38 Forging
54:40 Siege Engineers
54:57 Arson
55:10 Elite Shotel Warrior
55:58 Royal Heirs
58:13 Chemistry
57:06 Guard Tower
59:42 Chain Mail Armor
60:03 Iron Casting
59:55 Conscription
59:41 Royal Heirs
61:02 Plate Mail Armor
62:33 Keep
62:09 Fortified Wall
67:53 Torsion Engines
71:35 Blast Furnace
74:56 Heavy Plow
76:25 Cavalier
77:09 Husbandry
Connection lost

Rejoining the realm…

Still unreachable

The connection could not be restored.

Session expired

The server has moved on; the page needs a fresh start.